 Dungeon Crawl Stone Soup version 0.29.1-1-gd02db6906a (webtiles) character file.

Game seed: 17469270173549292109

581 avis the Shooter (level 6, -1/51 HPs)
             Began as a Demigod Hunter on Sept 26, 2022.
             Slain by a quokka (4 damage)
             ... on level 5 of the Dungeon.
             The game lasted 00:15:00 (3875 turns).

avis the Shooter (Demigod Hunter)                   Turns: 3875, Time: 00:15:01

Health: -1/51      AC:  5    Str: 12    XL:     6   Next: 90%
Magic:  8/8        EV: 12    Int: 11    God:
Gold:   191        SH:  0    Dex: 25    Spells: 5/5 levels left

rFire   + . .      SeeInvis .   a - +7 mace of Rotation {vorpal, rF+}
rCold   . . .      Faith    .   (no shield)
rNeg    . . .      Spirit   .   c - +0 leather armour
rPois   +          Reflect  .   h - +0 helmet
rElec   .          Harm     .   w - +0 cloak
rCorr   .          Rampage  .   (no gloves)
Will    .....                   (no boots)
Stlth   ++........              t - amulet of magic regeneration
HPRegen 0.17/turn               m - ring of poison resistance
MPRegen 0.51/turn               (no ring)

@: no status effects
A: high MP 1, forlorn, divine attributes
a: no special abilities


You were on level 5 of the Dungeon.
You visited 1 branch of the dungeon, and saw 5 of its levels.

You collected 191 gold pieces.

Inventory:

Hand Weapons
 a - the +7 mace of Rotation (weapon) {vorpal, rF+}
   (You found it on level 2 of the Dungeon)

   It inflicts extra damage upon your enemies.
   rF:        It protects you from fire.
 b - a +0 shortbow
 d - a +0 dagger
 n - a +0 sling
 y - a +0 mace of holy wrath
Missiles
 i - 13 poisoned darts
 l - a throwing net
Armour
 c - a +0 leather armour (worn)
 h - a +0 helmet (worn)
 w - a +0 cloak (worn)
Jewellery
 m - a ring of poison resistance (left hand)
 t - an amulet of magic regeneration (around neck)
Scrolls
 f - a scroll of silence {unknown}
 g - a scroll of poison {unknown}
 j - 2 scrolls of identify {unknown}
 k - 2 scrolls of teleportation {unknown}
 p - 3 scrolls of immolation
 q - a scroll of amnesia {unknown}
 r - a scroll of vulnerability {unknown}
 u - a scroll of fear {unknown}
 v - a scroll of magic mapping {unknown}
Potions
 e - a potion of degeneration {unknown}
 o - 2 potions of curing {unknown}
 s - 2 potions of might {unknown}
 x - a potion of heal wounds {unknown}


   Skills:
 + Level 3.5 Fighting
 * Level 7.2 Ranged Weapons
 - Level 2.0 Dodging
 - Level 1.0 Stealth


You had 5 spell levels left.
You didn't know any spells.
Your spell library was empty.

Dungeon Overview and Level Annotations

Branches:
Dungeon (5/15)
 Temple: D:4-7

Annotations:
D:5 exclusion: scorpion


Innate Abilities, Weirdness & Mutations

You have an increased reservoir of magic. (+10% MP)
You shall have no god before yourself.
Your divine heritage dramatically boosts your attributes as you level up.


Message History

You shoot an arrow. The arrow hits the ice beast.
The ice beast is lightly wounded.
Unknown command.
Fire: b) +0 shortbow
Press: ? - help, Q - select action, (/) - cycle Shift-Dir - straight line, f/p - ice beast
Aim: an ice beast (lightly wounded, 68% to hit)
You shoot an arrow. The arrow hits the ice beast!
The ice beast is heavily wounded.
a - the +7 mace of Rotation (weapon)
{vorpal, rF+} You hit the ice beast.
The ice beast is severely wounded.
The ice beast hits you but does no damage.
The quokka misses you. The ice beast misses you.
You barely miss the ice beast.
The ice beast is severely wounded.
The quokka barely misses you. The ice beast completely misses you.
The quokka closely misses you.
You hit the ice beast.
The ice beast is almost dead.
The quokka misses you. The ice beast hits you. The ice beast freezes you!
The quokka misses you. The ice beast barely misses you.
You barely miss the ice beast.
The ice beast is almost dead.
The quokka bites you. The ice beast hits you. The ice beast freezes you!
You closely miss the ice beast.
The ice beast is almost dead.
The quokka bites you. The ice beast hits you.
* * * LOW HITPOINT WARNING * * *
The ice beast freezes you!
* * * LOW HITPOINT WARNING * * *
The quokka misses you.
You hit the ice beast.
You kill the ice beast!
The quokka barely misses you.
The quokka twitches its whiskers.
The quokka closely misses you.
You barely miss the quokka.
The quokka is severely wounded.
The quokka bites you.
You die...

......###.##
#....# #.#....
#..# ####.#
.....## #.##
#.#
....#####.#####
#.#
..(...........#
#.#
..##.........#
#.# ##.#......#
#.# #.#......#
#.# #.#...@..#
#.# ..####r###
#.# ..
.[..#.s..# #..
..[..#.#### #..
......#
.......# .##
..?.....# .. .
#........# #.#
..


You could see a quokka.

Vanquished Creatures
  A shadow (D:4)
  A black bear (D:4)
  An ice beast (D:5)
  A necrophage (D:3)
  A hound (D:4)
  A jelly (D:5)
  3 gnolls (D:3)
  3 adders (D:3)
  A worm (D:3)
  5 orcs
  4 ball pythons
  9 bats
  8 endoplasms
  3 giant cockroaches
  7 goblins
  7 hobgoblins
  2 jackals (D:1)
  3 quokkas
  2 frilled lizards (D:1)
  4 kobolds
  3 rats
70 creatures vanquished.

Vanquished Creatures (others)
  15 plants (D:3)
15 creatures vanquished.

Grand Total: 85 creatures vanquished

Notes
Turn   | Place    | Note
-------+----------+-------------------------------------------
     0 | D:1      | avis the Demigod Hunter began the quest for the Orb.
     0 | D:1      | Reached XP level 1. HP: 17/17 MP: 3/3
   183 | D:1      | Reached skill level 4 in Ranged Weapons
   184 | D:1      | Reached XP level 2. HP: 24/24 MP: 4/4
   728 | D:2      | Identified the +7 mace of Rotation {vorpal, rF+}
  1113 | D:3      | Reached XP level 3. HP: 29/29 MP: 5/5
  1130 | D:3      | Noticed a necrophage
  1144 | D:3      | Killed a necrophage
  1145 | D:3      | Reached skill level 5 in Ranged Weapons
  1145 | D:3      | Reached XP level 4. HP: 24/36 MP: 6/6
  1888 | D:3      | Reached skill level 1 in Stealth
  2217 | D:3      | Reached XP level 5. HP: 41/41 MP: 7/7
  2898 | D:4      | Reached skill level 6 in Ranged Weapons
  3210 | D:4      | Noticed a black bear
  3225 | D:4      | HP: 2/41 [black bear (1)]
  3226 | D:4      | Killed a black bear
  3704 | D:5      | Entered Level 5 of the Dungeon
  3712 | D:5      | Reached XP level 6. HP: 50/50 MP: 8/8
  3768 | D:5      | Noticed a shadow
  3779 | D:4      | Killed a shadow
  3780 | D:4      | Reached skill level 7 in Ranged Weapons
  3875 | D:5      | Slain by a quokka

Illustrated notes

Levels and vault maps discovered:
D:1:      saegor_arrival_simple_a, layout_basic,
          shapermc_ecumenical_altar_mp_ritualfount,
          hangedman_abyss_or_decor_lesser_grid
D:2:      layout_rooms
D:3:      minmay_inner_zag, layout_loops_cross, mainiacjoe_overflow_boulevard,
          serial_forest, infiniplex_forest_clump_small,
          infiniplex_forest_clump_C, infiniplex_forest_end_2,
          infiniplex_forest_lined_room_, infiniplex_forest_join,
          infiniplex_forest_clump_diagonal
D:4:      black_bear_nest_2, layout_basic
D:5:      layout_rooms, minitemple, mainiacjoe_overflow_concentric_impassable,
          minmay_temple_entry_slanted

Skill      XL: |  1  2  3  4  5  6 |
---------------+-------------------+-----
Fighting       | 2 3 |  3.5
Ranged Weapons | 4 5 6 7 |  7.2
Dodging        | 2 |  2.0
Stealth        | 1 |  1.0

Action                   |  1- 3 |  4- 6 || total
-------------------------+-------+-------++-------
Melee: Mace              |    12 |    52 ||    64
       Punch             |       |     1 ||     1
 Fire: Shortbow          |    84 |    67 ||   151
Armor: Leather armour    |    22 |    38 ||    60
Dodge: Dodged            |    29 |    63 ||    92
